 Dungeon Crawl Stone Soup version 0.23-a0-635-g88ca12a (console) character file.

166 Duffy the Firebug (level 5, 35/35 HPs)
             Began as a Demonspawn Fire Elementalist on Dec 27, 2018.
             Quit the game on level 2 of the Dungeon.
             The game lasted 00:02:36 (2962 turns).

Duffy the Firebug (Demonspawn Fire Elementalist)    Turns: 2962, Time: 00:02:37

Health: 35/35      AC:  4    Str:  8    XL:     5   Next: 22%
Magic:  9/9        EV: 12    Int: 18    God:
Gold:   85         SH:  0    Dex: 13    Spells: 2/10 levels left

rFire    + . .     SeeInvis .   k - +3 whip
rCold    + . .     Gourm    .   (no shield)
rNeg     . . .     Faith    .   a - +0 robe
rPois    .         Spirit   .   (no helmet)
rElec    .         Reflect  .   (no cloak)
rCorr    .         Harm     .   (no gloves)
MR       .....                  (no boots)
Stlth    ++........             (no amulet)
HPRegen  0.11/turn              j - ring of protection from cold
MPRegen  0.11/turn              (no ring)

@: no status effects
A: iridescent scales 1, fire resistance 1
a: no special abilities


You were on level 2 of the Dungeon.
You were very hungry.

You visited 1 branch of the dungeon, and saw 2 of its levels.

You collected 85 gold pieces.

Inventory:

Hand Weapons
 b - a +0 dagger
 k - a +3 whip (weapon)
Armour
 a - a +0 robe (worn)
Jewellery
 j - a ring of protection from cold (left hand)
Scrolls
 d - 4 scrolls of identify {unknown}
 e - 3 scrolls of remove curse
 h - a scroll of blinking {unknown}
 l - a scroll of immolation {unknown}
 n - a scroll of noise {unknown}
Potions
 f - 3 potions of flight {unknown}
 g - 2 potions of lignification {unknown}
 i - 5 potions of curing {unknown}
 m - 2 potions of haste {unknown}
Comestibles
 c - 5 rations


   Skills:
 - Level 1.7 Dodging
 - Level 1.7 Stealth
 + Level 3.1 Spellcasting
 + Level 3.4 Conjurations
 + Level 3.6 Fire Magic


You had 2 spell levels left.
You knew the following spells:

 Your Spells              Type           Power        Failure   Level  Hunger
h - Flame Tongue          Conj/Fire      ###..        3%          1    None
j - Sticky Flame          Conj/Fire      ###.....     36%         4    ####...
l - Conjure Flame         Conj/Fire      ###.....     11%         3    ###....

Your spell library contained the following spells:

 Spells                   Type           Power        Failure   Level  Hunger
 Throw Flame              Conj/Fire      ###...       5%          2    ##.....
 Inner Flame              Hex/Fire       #.......     22%         3    ###....
 Fireball                 Conj/Fire      ###.......   71%         5    ######.


Dungeon Overview and Level Annotations

Branches:
Dungeon (2/15)

Altars:
Gozag
Xom


Innate Abilities, Weirdness & Mutations

You are partially covered in iridescent scales. (AC +2)
Your flesh is heat resistant. (rF+)


Message History

The worm is severely wounded.
The worm bites you!
You hit the worm but do no damage.
The worm is severely wounded.
You hit the worm.
The worm is almost dead.
The worm bites you.
You hit the worm.
You kill the worm!
You see here a worm corpse.
Found a puce potion.
You see here a worm corpse.
You butcher the worm corpse.
o - a chunk of flesh Eating a chunk of flesh.
You eat the chunk of flesh.
This raw flesh tastes terrible.
You are feeling hungry.
m - 2 puce potions (gained 1)
You are feeling very hungry.
Are you sure you want to abandon this character and quit the game? (Confirm

#.# #.#
#.# #.#
#.# #.#
#.# #.#
..# #.#
###
#######.#
#.......#
#.#######
#@# #.#
#.# #.#
#.. ###


There were no monsters in sight!

Vanquished Creatures
  A phantom (D:2)
  2 adders (D:2)
  An ooze (D:1)
  A worm (D:2)
  3 dart slugs
  2 leopard geckos (D:2)
  6 bats
  A giant cockroach (D:2)
  6 goblins
  5 hobgoblins
  2 jackals (D:1)
  6 kobolds
  2 frilled lizards (D:2)
  6 rats
44 creatures vanquished.

Notes
Turn   | Place    | Note
-------+----------+-------------------------------------------
     0 | D:1      | Duffy the Demonspawn Fire Elementalist began the quest for
                  | the Orb.
     0 | D:1      | Reached XP level 1. HP: 13/13 MP: 3/3
   221 | D:1      | Gained mutation: You are partially covered in iridescent
                  | scales. (AC +2) [demonic ancestry]
   221 | D:1      | Reached XP level 2. HP: 7/19 MP: 0/5
  1228 | D:1      | Reached XP level 3. HP: 19/24 MP: 2/6
  1308 | D:1      | Learned a level 3 spell: Conjure Flame
  1582 | D:2      | Found an opulent altar of Gozag.
  1825 | D:2      | Found a shimmering altar of Xom.
  2129 | D:2      | Reached XP level 4. HP: 30/30 MP: 3/7
  2138 | D:2      | Learned a level 4 spell: Sticky Flame
  2330 | D:2      | Noticed a phantom
  2353 | D:2      | HP: 1/30 [phantom (2)]
  2360 | D:2      | Killed a phantom
  2360 | D:2      | Gained mutation: Your flesh is heat resistant. (rF+)
                  | [demonic ancestry]
  2360 | D:2      | Reached XP level 5. HP: 2/35 MP: 0/9
  2962 | D:2      | Quit the game

Vault maps used:
D:1:      minmay_arrival_doors
D:2:      lemuel_doored_altar, nicolae_gozag_cash_rules_everything_around_me,
          fountainhead, kennysheep_generic_room_14

Skill      XL: |  1  2  3  4 |
---------------+-------------+-----
Conjurations   | 2 3 |  3.4
Fire Magic     | 3 |  3.6
Spellcasting   | 3 |  3.1
Dodging        | |  1.7
Stealth        | |  1.7

Action                   |  1- 3 |  4- 6 || total
-------------------------+-------+-------++-------
Melee: Dagger            |    24 |       ||    24
       Whip              |    22 |    19 ||    41
 Cast: Flame Tongue      |    51 |    14 ||    65
  Use: Scroll            |     1 |       ||     1
 Stab: Sleeping          |     2 |       ||     2
  Eat: Chunk             |     4 |     2 ||     6
Armor: Robe              |    15 |     7 ||    22
Dodge: Dodged            |    44 |    11 ||    55

Table legend:
 A = Non-vault XP
 B = Vault XP
 C = Vault XP percentage of total XP
 D = Non-vault monster count
 E = Vault monster count
 F = Vault count percentage of total count
                 A         B        C        D         E       F
            +---------+---------+-------+---------+---------+-------
      Total |     237 |       1 |   0.4 |      43 |       1 |   2.3
            +---------+---------+-------+---------+---------+-------
        D:1 |      46 |       0 |   0.0 |      23 |       0 |   0.0
        D:2 |     191 |       1 |   0.5 |      20 |       1 |   4.8
            +---------+---------+-------+---------+---------+-------
